 Dungeon Crawl Stone Soup version 0.26-a0-158-g66bac3cce0 (webtiles) character file.

Game seed: 13908825843211064795

13577 Flugslaktarn the Blocker (level 12, -5/61 HPs)
             Began as a Vine Stalker Ice Elementalist on July 2, 2020.
             Was a Priest of Makhleb.
             Slain by a two-headed ogre
             ... wielding a +0 giant club
              (29 damage)
             ... on level 2 of the Orcish Mines.
             The game lasted 00:29:26 (4540 turns).

Flugslaktarn the Blocker (VSIE)                     Turns: 4540, Time: 00:29:27

Health: -5/61      AC:  5    Str: 19    XL:     12   Next: 7%
Magic:  0/20       EV: 14    Int: 25    God:    Makhleb [***...]
Gold:   641        SH: 12    Dex: 14    Spells: 13/21 levels left

rFire    . . .     SeeInvis .   n - +3 dagger (elec)
rCold    . . .     Faith    .   k - +0 kite shield
rNeg     . . .     Spirit   +   a - +0 robe
rPois    .         Reflect  .   (no helmet)
rElec    .         Harm     .   G - +2 cloak
rCorr    .                      (no gloves)
MR       +....                  (no boots)
Stlth    ++........             (no amulet)
HPRegen  1.00/turn              J - +6 ring of strength
MPRegen  0.17/turn              u - +6 ring of intelligence

@: frozen ramparts, studying Summonings
A: fangs 3, regeneration 2, magic shield, antimagic bite, no potion heal 3, rot
immunity
a: Minor Destruction, Lesser Servant of Makhleb, Renounce Religion


You were on level 2 of the Orcish Mines.
You worshipped Makhleb.
Makhleb was most pleased with you.
You were not hungry.

You visited 2 branches of the dungeon, and saw 12 of its levels.
You also visited: Sewer.

You collected 671 gold pieces.
You spent 30 gold pieces at shops.

Inventory:

Hand Weapons
 e - a +0 club
   (You took it off a goblin on level 1 of the Dungeon)
 g - a +3 broad axe
   (You took it off Urug on level 1 of the Orcish Mines)
 j - a +1 dagger of holy wrath
   (You took it off a kobold on level 1 of the Dungeon)
 n - a +3 dagger of electrocution (weapon)
   (You took it off a goblin on level 2 of the Dungeon)
 w - a +0 long sword
   (You found it on level 5 of the Dungeon)
 D - a +0 war axe
   (You found it on level 6 of the Dungeon)
 E - a +2 scimitar
   (You took it off a wight on level 7 of the Dungeon)
 F - a cursed +3 battleaxe
   (You took it off a wight on level 7 of the Dungeon)
Missiles
 h - 7 javelins (quivered)
 C - 2 boomerangs
 H - 79 arrows
 N - 3 throwing nets
Armour
 a - a +0 robe (worn)
 d - a +0 tower shield
   (You found it on level 4 of the Dungeon)
 k - a +0 kite shield (worn)
   (You found it on level 1 of the Dungeon)
 o - a +0 helmet
   (You took it off Robin on level 2 of the Dungeon)
 s - a +4 chain mail of magic resistance
   (You took it off Urug on level 1 of the Orcish Mines)
 G - a +2 cloak (worn)
   (You found it on level 7 of the Dungeon)
Jewellery
 b - an uncursed ring of stealth
   (You found it on level 1 of the Dungeon)
 u - a +6 ring of intelligence (right hand)
   (You found it in a sewer)
 J - a +6 ring of strength (left hand)
   (You found it on level 8 of the Dungeon)
Wands
 A - a wand of clouds (2)
   (You found it on level 4 of the Dungeon)
 I - a wand of flame (23)
   (You found it on level 7 of the Dungeon)
 K - a wand of polymorph (11)
   (You found it on level 8 of the Dungeon)
 L - a wand of disintegration (7)
   (You took it off Maurice on level 9 of the Dungeon)
 M - a wand of digging (5)
   (You found it on level 9 of the Dungeon)
Scrolls
 i - 3 scrolls of remove curse
 l - 2 scrolls of enchant armour
 m - 2 scrolls of amnesia
 r - 2 scrolls of magic mapping
 t - a scroll of blinking {unknown}
Potions
 f - a potion of mutation {unknown}
 p - a potion of might {unknown}
 q - a potion of ambrosia
 x - 5 potions of flight
 z - a potion of haste {unknown}
 B - 4 potions of curing
 O - a potion of brilliance {unknown}
Books
 v - a manual of Summonings
   (You found it on level 5 of the Dungeon)
Comestibles
 c - 5 rations


   Skills:
 - Level 6.0 Fighting
 + Level 6.2 Dodging
 - Level 2.4 Stealth
 - Level 10.0 Shields
 - Level 5.0 Spellcasting
 - Level 5.0 Summonings
 - Level 8.0 Ice Magic
 - Level 6.0 Invocations
 - Level 5.0 Evocations


You had 13 spell levels left.
You knew the following spells:

 Your Spells              Type           Power        Failure   Level  Hunger
a - Freeze                Ice            ####         1%          1    None
b - Frozen Ramparts       Ice            #####.       1%          3    ##.....
d - Summon Ice Beast      Ice/Summ       #####...     11%         4    ####...

Your spell library contained the following spells:

 Spells                   Type           Power        Failure   Level  Hunger
 Ozocubu's Armour         Chrm/Ice       ####....     9%          3    ##.....
 Magic Dart               Conj           #...         16%         1    None
 Searing Ray              Conj           #.....       24%         2    None
 Hailstorm                Conj/Ice       ####....     30%         4    ####...
 Dazzling Flash           Conj/Hex       #.....       43%         3    ##.....
 Fulminant Prism          Conj/Hex       #.........   83%         4    ####...
 Iskenderun's Mystic Bla  Conj/Tloc      #.......     83%         4    ####...


Dungeon Overview and Level Annotations

Branches:
Dungeon (10/15)            Temple (0/1) D:7            Lair (0/6) D:9
    Orc (2/2) D:10          Sewer (visited)
    Elf: Orc:2

Altars:
Fedhas
Makhleb
Nemelex Xobeh
Qazlal
Sif Muna
Xom

Shops:
D:5 ?   Orc:2 [[=(


Innate Abilities, Weirdness & Mutations

You have razor-sharp teeth.
You heal very quickly.
When hurt, damage is shared between your health and your magic reserves.
Your bite disrupts and absorbs the magic of your enemies.
Potions cannot restore your health.
You are immune to rotting.


Message History

Increase (S)trength, (I)ntelligence, or (D)exterity?
You feel clever.
You feel stronger.
You begin to heal more quickly.
Unknown command.
The two-headed ogre is engulfed in poison gas.
The two-headed ogre looks even sicker.
The wall freezes the two-headed ogre.
The ogre mage is engulfed in poison gas.
The ogre mage looks as sick as possible!
The wall freezes the two-headed ogre!
The two-headed ogre closely misses you. You block the two-headed ogre's attack.
The two-headed ogre is engulfed in poison gas.
The two-headed ogre looks even sicker.
The wall freezes the two-headed ogre.
The ogre is engulfed in poison gas.
The ogre is poisoned.
The two-headed ogre is engulfed in poison gas.
The two-headed ogre looks as sick as possible!
The ogre mage is engulfed in blazing flames.
The ogre mage gestures at the ogre while chanting.
The ogre seems to speed up.
The ogre is engulfed in blazing flames.
Your orange demon completely misses the two-headed ogre.
Unknown command.
Evoke which item? (* to show all) (? for menu, Esc to quit)
Aiming: Cloud Cone
Press: ? - help, Dir - move target cursor, f - ogre
Aim: an ogre, wielding a +0 giant club You create a blast of freezing vapour!
The ogre is engulfed in blazing flames.
The ogre mage is engulfed in poison gas.
The ogre mage looks as sick as possible!
The two-headed ogre is engulfed in poison gas.
The two-headed ogre looks as sick as possible!
The wall freezes the two-headed ogre!
The ogre is engulfed in freezing vapours.
The ogre hits your orange demon with a +0 giant club!!
The two-headed ogre is engulfed in poison gas.
The two-headed ogre looks as sick as possible!
The wall freezes the two-headed ogre.
The ogre mage is engulfed in freezing vapours.
You kill the ogre mage!
Makhleb accepts your kill.
You feel better.
Training target 6.0 for Invocations reached!
Your Invocations skill increases to level 6!
You need to enable at least one skill for training.
The two-headed ogre is engulfed in freezing vapours.
The two-headed ogre hits you with a +0 giant club!!
* * * LOW HITPOINT WARNING * * *
You block the two-headed ogre's attack.
The two-headed ogre is engulfed in freezing vapours.
The wall freezes the two-headed ogre!
The two-headed ogre hits you with a +0 giant club!!
You die...

.........O.O.O∩∩....
..........#O§§O§..§#
.....#....#.§§§§§§§#
......#.O.#..§§§§§§#
.........O#.§§§OOO§#
...#......#.§§OO§§O#
..........##.§§OO.##
....#O#...##..4OO.#
...O)###..###...@##
....)#.#)..###..##
...o)...#.......
..)O<#.###......
..[##o## ######.
...#.o.# #. ....#.##
## ...#..# $......#


You could see 6 two-headed ogres, 2 ogre magi, 4 ogres and a friendly orange
demon (summoned).

Vanquished Creatures
  Harold (Orc:1)
  6 two-headed ogres
  An ogre mage (Orc:2)
  Urug (Orc:1)
  An unseen horror (D:10)
  An orc knight (Orc:1)
  An orc sorcerer (Orc:1)
  Maurice (D:9)
  4 yaks (D:10)
  Grum (D:10)
  A warg (Orc:1)
  A nameless horror (D:10)
  7 orc warriors
  A necrophage (D:8)
  2 ice beasts
  2 sky beasts
  16 ogres
  3 centaurs
  2 phantoms
  2 wolves (D:10)
  A crocodile (D:10)
  3 bullfrogs
  A gnoll sergeant (D:10)
  A scorpion (D:6)
  7 killer bees
  5 orc priests
  2 hounds
  A jelly (D:10)
  5 iguanas
  Jessica (D:3)
  5 orc wizards
  3 worker ants
  Robin (D:2)
  2 gnolls (D:10)
  11 adders
  A shadow imp (D:5)
  3 white imps
  An ufetubus (D:6)
  9 oozes (Sewer)
  An adder zombie (D:6)
  An adder skeleton (D:8)
  2 dart slugs
  11 leopard geckos
  32 orcs
  17 giant cockroaches
  15 goblins
  8 hobgoblins
  9 jackals
  6 quokkas
  14 ball pythons
  7 bats
  13 frilled lizards
  2 kobolds (D:1)
  A leopard gecko skeleton (D:6)
  13 rats
270 creatures vanquished.

Vanquished Creatures (collateral kills)
  2 two-headed ogres
  A troll (D:9)
  2 orc warriors
  An ogre (Orc:1)
  4 killer bees
  3 wights (D:7)
  A hound (D:9)
  A worker ant (D:7)
  A gnoll (D:10)
  An adder (D:10)
  An adder zombie (D:9)
  6 orcs
24 creatures vanquished.

Grand Total: 294 creatures vanquished

Notes
Turn   | Place    | Note
-------+----------+-------------------------------------------
     0 | D:1      | Flugslaktarn the Vine Stalker Ice Elementalist began the
                  | quest for the Orb.
     0 | D:1      | Reached XP level 1. HP: 9/9 MP: 4/4
   101 | D:1      | Reached XP level 2. HP: 10/13 MP: 3/6
   240 | D:1      | Reached XP level 3. HP: 13/16 MP: 2/8
   531 | D:2      | Learned a level 3 spell: Frozen Ramparts
   544 | D:2      | Noticed Robin
   858 | D:2      | Reached skill level 5 in Ice Magic
   870 | D:2      | Gained mutation: Your natural rate of healing is unusually
                  | fast. [Vine Stalker growth]
   870 | D:2      | Reached XP level 4. HP: 21/21 MP: 4/9
   915 | D:2      | Killed Robin
  1016 | D:3      | Found a glowing drain.
  1040 | D:3      | Learned a level 4 spell: Summon Ice Beast
  1042 | Sewer    | Entered a sewer
  1055 | Sewer    | Reached XP level 5. HP: 22/24 MP: 5/11
  1129 | Sewer    | Reached skill level 1 in Summonings
  1250 | Sewer    | Reached XP level 6. HP: 27/28 MP: 4/12
  1345 | D:3      | Noticed Jessica
  1357 | D:3      | Killed Jessica
  1414 | D:5      | Entered Level 5 of the Dungeon
  1474 | D:4      | Found a blossoming altar of Fedhas.
  1541 | D:4      | Reached XP level 7. HP: 15/32 MP: 8/14
  1585 | D:4      | You fall into a shaft and drop 1 floor!
  1746 | D:5      | Found Eloaqei's Magic Scroll Shoppe.
  1766 | D:5      | Bought a scroll of identify for 30 gold pieces
  2007 | D:5      | Noticed a two-headed ogre
  2022 | D:5      | Killed a two-headed ogre
  2022 | D:5      | Gained mutation: You have razor-sharp teeth. [Vine Stalker
                  | growth]
  2022 | D:5      | Reached XP level 8. HP: 39/39 MP: 0/15
  2178 | D:6      | Found a burning altar of Makhleb.
  2227 | D:6      | Found a sparkling altar of Nemelex Xobeh.
  2253 | D:6      | Became a worshipper of Makhleb the Destroyer
  2475 | D:6      | Reached skill level 1 in Shields
  2518 | D:7      | Found a staircase to the Ecumenical Temple.
  2538 | D:7      | Reached XP level 9. HP: 23/45 MP: 2/16
  2539 | D:7      | Reached skill level 2 in Shields
  2771 | D:7      | Found a shimmering altar of Xom.
  2811 | D:7      | Reached * piety under Makhleb
  2816 | D:7      | Reached skill level 3 in Shields
  2972 | D:7      | Found a shimmering blue altar of Sif Muna.
  2986 | D:7      | Noticed a two-headed ogre
  2994 | D:7      | Killed a two-headed ogre
  2994 | D:7      | Reached skill level 5 in Fighting
  2994 | D:7      | Reached skill level 5 in Dodging
  2994 | D:7      | Reached skill level 4 in Shields
  3067 | D:8      | Noticed a two-headed ogre
  3083 | D:8      | Killed a two-headed ogre
  3083 | D:8      | Reached skill level 5 in Shields
  3162 | D:8      | Found a stormy altar of Qazlal.
  3242 | D:9      | Noticed a two-headed ogre
  3247 | D:9      | Killed a two-headed ogre
  3247 | D:9      | Reached XP level 10. HP: 51/53 MP: 4/17
  3266 | D:9      | Noticed Maurice
  3276 | D:9      | Reached skill level 6 in Shields
  3358 | D:9      | Killed Maurice
  3539 | D:9      | Found a staircase to the Lair.
  3633 | D:9      | Noticed a two-headed ogre
  3641 | D:9      | Killed a two-headed ogre
  3641 | D:9      | Reached skill level 7 in Shields
  3708 | D:10     | Entered Level 10 of the Dungeon
  3734 | D:10     | Reached ** piety under Makhleb
  3734 | D:10     | Reached skill level 8 in Shields
  3768 | D:10     | Noticed a two-headed ogre
  3787 | D:10     | Killed a two-headed ogre
  3787 | D:10     | Reached skill level 9 in Shields
  3852 | D:10     | Noticed Grum
  3859 | D:10     | Reached skill level 1 in Invocations
  3865 | D:10     | Killed Grum
  3865 | D:10     | Reached skill level 1 in Evocations
  3868 | D:10     | Reached XP level 11. HP: 36/56 MP: 8/18
  3939 | D:10     | Killed an unseen horror
  4009 | D:10     | Found a staircase to the Orcish Mines.
  4109 | Orc:1    | Entered Level 1 of the Orcish Mines
  4127 | Orc:1    | Noticed Urug
  4147 | Orc:1    | Killed Urug
  4175 | Orc:1    | Noticed an orc sorcerer
  4210 | D:10     | Reached skill level 5 in Summonings
  4290 | Orc:1    | Reached *** piety under Makhleb
  4292 | Orc:1    | Reached skill level 5 in Spellcasting
  4305 | Orc:1    | Killed an orc sorcerer
  4348 | Orc:1    | Noticed Harold
  4359 | Orc:1    | Noticed an orc knight
  4369 | Orc:1    | Killed an orc knight
  4377 | Orc:1    | Killed Harold
  4421 | Orc:2    | Entered Level 2 of the Orcish Mines
  4455 | Orc:2    | Noticed a two-headed ogre
  4458 | Orc:2    | Noticed an ogre mage
  4458 | Orc:2    | Noticed an ogre mage
  4462 | Orc:2    | Noticed a two-headed ogre
  4464 | Orc:2    | Noticed a two-headed ogre
  4482 | Orc:2    | Killed a two-headed ogre
  4498 | Orc:2    | Noticed an ogre mage
  4506 | Orc:2    | Noticed an orc knight
  4515 | Orc:2    | Reached skill level 10 in Shields
  4531 | Orc:2    | Noticed a two-headed ogre
  4532 | Orc:2    | Found Wysmateg's Weapon Shoppe.
  4532 | Orc:2    | Found Dutaeth's Armour Shop.
  4532 | Orc:2    | Found Feec's Jewellery Shop.
  4532 | Orc:2    | Found Meunizee's Armour Emporium.
  4532 | Orc:2    | Noticed a two-headed ogre
  4532 | Orc:2    | Noticed a two-headed ogre
  4532 | Orc:2    | Noticed a two-headed ogre
  4532 | Orc:2    | Noticed a two-headed ogre
  4532 | Orc:2    | Noticed a two-headed ogre
  4533 | Orc:2    | Noticed an ogre mage
  4533 | Orc:2    | Noticed a two-headed ogre
  4534 | Orc:2    | Noticed a two-headed ogre
  4535 | Orc:2    | Reached skill level 5 in Invocations
  4538 | Orc:2    | Killed a two-headed ogre
  4538 | Orc:2    | Reached skill level 5 in Evocations
  4538 | Orc:2    | Gained mutation: You heal very quickly. [Vine Stalker
                  | growth]
  4538 | Orc:2    | Reached XP level 12. HP: 34/61 MP: 9/20
  4540 | Orc:2    | Killed an ogre mage
  4540 | Orc:2    | Slain by a two-headed ogre

Illustrated notes

Levels and vault maps discovered:
D:1:      dpeg_arrival_arbitrary_a, layout_loops_ring
D:2:      wad_lake_hut, layout_basic, first_ration,
          chequers_ecumenical_altar_twisty, minmay_tetromino_s2, uniq_robin
D:3:      layout_basic, portal_sewer_entry_c, uniq_jessica, uniq_ijyb
D:4:      layout_loops_ring, grunt_temple_overflow_forces_of_nature
D:5:      layout_gridville, lemuel_coloured_pillars_altar, serial_shops,
          nicolae_shop_statue_plus, minmay_manual_mandibuliform
D:6:      layout_basic, grunt_temple_overflow_open
D:7:      layout_cave_pods, old_standard_altar, minmay_temple_entry_mist,
          basic_altar
D:8:      layout_loops_ring, the_bakery, grunt_qazlal_clouds
D:9:      layout_long_grid, dpeg_oklobed_lair, uniq_maurice
D:10:     layout_stronghold, david_orc_3, uniq_grum
Orc:1:    layout_diamond_mine, basic_altar, uniq_urug, uniq_harold
Orc:2:    st_orc_ogre_mass, layout_caves

Skill      XL: |  1  2  3  4  5  6  7  8  9 10 11 12 |
---------------+-------------------------------------+-----
Ice Magic      | 5 6 8 |  8.0
Spellcasting   | 3 4 5 |  5.0
Summonings     | 1 2 3 5 |  5.0
Fighting       | 2 4 5 6 |  6.0
Dodging        | 3 4 5 6 |  6.2
Shields        | 1 5 9 10 | 10.0
Invocations    | 1 5 6 |  6.0
Evocations     | 1 5 |  5.0
Stealth        | |  2.4

Action                   |  1- 3 |  4- 6 |  7- 9 | 10-12 || total
-------------------------+-------+-------+-------+-------++-------
Melee: Club              |    24 |       |       |       ||    24
       Bite              |     9 |    12 |    25 |    43 ||    89
       Unarmed           |     1 |       |       |       ||     1
       Dagger            |    18 |   101 |    98 |   117 ||   334
 Cast: Freeze            |    27 |     5 |     6 |     1 ||    39
       Frozen Ramparts   |     3 |    16 |    21 |    30 ||    70
       Summon Ice Beast  |       |       |    14 |    14 ||    28
Invok: Lesser Servant of |       |       |       |     1 ||     1
Evoke: Wand              |       |       |       |     7 ||     7
  Use: Scroll            |       |       |     8 |     7 ||    15
       Potion            |       |       |     1 |     2 ||     3
 Stab: Sleeping          |     6 |     7 |     3 |     3 ||    19
  Eat: Ration            |       |     1 |     3 |     3 ||     7
Armor: Robe              |    12 |    23 |    11 |    14 ||    60
Dodge: Dodged            |    52 |    83 |    75 |    78 ||   288
Block: Kite shield       |       |       |       |    53 ||    53

Table legend:
 A = Non-vault XP
 B = Vault XP
 C = Vault XP percentage of total XP
 D = Non-vault monster count
 E = Vault monster count
 F = Vault count percentage of total count
                 A         B        C        D         E       F
            +---------+---------+-------+---------+---------+-------
      Total |   10930 |    8467 |  43.7 |     188 |     105 |  35.8
            +---------+---------+-------+---------+---------+-------
        D:1 |      38 |       0 |   0.0 |      23 |       0 |   0.0
        D:2 |      50 |      35 |  41.2 |      16 |      12 |  42.9
        D:3 |      53 |      59 |  52.7 |      19 |       8 |  29.6
        D:4 |      63 |       0 |   0.0 |       3 |       0 |   0.0
        D:5 |     362 |     703 |  66.0 |      19 |       2 |   9.5
        D:6 |     612 |       0 |   0.0 |      13 |       0 |   0.0
        D:7 |    1399 |       0 |   0.0 |      20 |       0 |   0.0
        D:8 |     750 |       0 |   0.0 |      11 |       0 |   0.0
        D:9 |    2203 |     361 |  14.1 |      15 |       1 |   6.2
       D:10 |    3318 |     721 |  17.9 |      27 |      10 |  27.0
      Orc:1 |    2076 |    1872 |  47.4 |      20 |       2 |   9.1
      Orc:2 |       6 |    4434 |  99.9 |       2 |      18 |  90.0
      Sewer |       0 |     282 | 100.0 |       0 |      52 | 100.0
            +---------+---------+-------+---------+---------+-------
